Map: Zielone pola

Players

OcTan

  • Race: Terran Terran
  • Spawn Location: 7:00

BaSaYeV

  • Race: Zerg Zerg
  • Spawn Location: 9:00

Gracz

  • Race: Terran Terran
  • Spawn Location: 6:00

TRa - Winner!

  • Race: Protoss Protoss
  • Spawn Location: 1:00

Jidduu - Winner!

  • Race: Zerg Zerg
  • League: Platinum
  • Spawn Location: 3:00

Spartan - Winner!

  • Race: Terran Terran
  • Spawn Location: 12:00

VOD

Have the link to the VOD?

Description

Time

  • Played on: Feb. 9, 2016, 7 p.m.
  • Length: 13:49
Show
View Real Time Build Order
Export as new Build Order

OcTan Terran 

Build Orders: MMM Bio 

Get SALT Encoding   

  12  0:01  SCV  
  13  0:14  SCV  
  14  0:19  Supply Depot  
  14  0:29  Refinery, SCV  
  15  0:41  SCV  
  16  0:51  Barracks  
  16  0:53  SCV  
  17  1:05  SCV  
  18  1:13  Barracks  
  18  1:17  SCV  
  19  1:28  Supply Depot  
  19  1:29  SCV  
  20  1:42  SCV  
  20  1:45  Barracks  
  21  1:49  Barracks Tech Lab  
  21  1:57  SCV  
  21  2:00  Refinery  
  22  2:10  Barracks  
  22  2:14  Barracks Reactor  
  22  2:29  Combat Shields  
  22  2:32  SCV  
  23  2:40  Factory  
  23  2:44  SCV  
  24  3:01  Barracks Reactor  
  24  3:08  Engineering Bay  
  24  3:11  Barracks Reactor  
  24  3:17  Barracks  
  24  3:23  Orbital Command  
  24  3:28  Factory Tech Lab  
  24  3:42  Supply Depot  
  24  3:45  Neosteel Frame  
  24  3:48  Concussive Shells  
  24  3:54  Marauder  
  26  3:55  Marine  
  26  3:56  Marine  
  28  4:09  Missile Turret, Barracks Reactor  
  28  4:13  Siege Tank  
  31  4:20  Engineering Bay  
  31  4:27  Marauder  
  31  4:29  Marine x2  
  35  4:48  Marine x2  
  35  4:49  Marine  
  38  4:56  Marauder  
  38  5:08  Siege Tank  
  39  5:26  Marauder  
  32  5:58  Marine x6  
  32  5:59  Marine  
  39  6:08  Marine, Siege Tank  
  43  6:18  Marine x4  
  47  6:53  Stimpack  
  47  6:58  Marine x8, Terran Infantry Weapons Level 1  
  47  7:00  Terran Infantry Armor Level 1  
  55  7:13  Starport  
  55  7:18  Marine x3  
  58  7:28  Missile Turret  
  58  7:45  Siege Tank  
  61  7:55  Starport Reactor  
  61  7:56  Supply Depot  
  61  8:18  Siege Tank  
  64  8:22  Armory  
  64  8:25  Missile Turret  
  64  8:45  Marauder  
  64  8:46  Marine x5  
  64  8:47  Marine x2  
  64  8:48  Missile Turret  
  73  8:51  Medivac  
  73  8:52  Medivac  
  77  9:06  Marauder  
  73  9:38  Medivac x2  
  73  9:40  Marine x2  
  79  9:47  Marine x3  
  79  9:49  Marine x2  
  57  10:06  Marine  
  57  10:07  Marine x7  
  42  10:21  Marine  
  42  10:24  Marine x2  
  42  10:25  Marine  
  32  10:56  Marauder  
  31  11:01  Marine x4  
  31  11:02  Marine  
  36  11:25  Marine  
  36  11:26  Marine x2  
  30  11:58  Marine  
  30  11:59  Marine x3  
  33  12:01  Marine  
  22  12:31  Marine  
Show
View Real Time Build Order
Export as new Build Order

BaSaYeV Zerg 

Build Orders: Hatch First 

Get SALT Encoding   

  12  0:01  Drone  
  13  0:08  Drone  
  14  0:22  Overlord  
  14  0:42  Hatchery  
  13  0:45  Drone  
  14  0:51  Drone  
  14  0:53  Drone  
  16  0:58  Drone  
  16  1:02  Extractor  
  16  1:07  Drone  
  17  1:20  Spawning Pool  
  17  1:22  Drone  
  17  1:26  Extractor  
  17  1:28  Drone  
  17  1:45  Drone  
  18  1:51  Drone  
  19  1:54  Drone  
  20  2:01  Drone  
  20  2:06  Queen, Drone  
  24  2:10  Queen  
  24  2:14  Drone  
  27  2:17  Drone  
  28  2:24  Overlord  
  28  2:41  Roach Warren, Drone  
  28  2:42  Drone x2  
  30  2:47  Drone  
  31  2:51  Drone  
  31  2:55  Overlord  
  32  3:03  Drone  
  32  3:05  Drone  
  34  3:11  Evolution Chamber  
  33  3:16  Evolution Chamber, Drone  
  33  3:19  Drone x3  
  36  3:22  Drone  
  36  3:24  Drone  
  36  3:26  Drone  
  39  3:29  Drone  
  40  3:34  Drone  
  41  4:01  Roach  
  43  4:13  Drone  
  43  4:14  Overlord x2  
  40  4:39  Queen  
  40  4:40  Drone  
  40  4:41  Drone  
  40  4:43  Zerg Ground Armor Level 1, Zerg Missile Weapons Level 1  
  44  4:46  Lair  
  43  5:05  Roach x5  
  43  5:06  Roach x3  
  59  5:11  Overlord x2  
  54  5:31  Drone x4  
  58  5:42  Drone x3  
  59  5:52  Roach x2  
  59  5:54  Roach x3  
  65  6:08  Roach x3  
  69  6:19  Glial Reconstitution  
  69  6:23  Queen  
  62  6:40  Drone x3  
  65  7:05  Ravager x2, Hatchery  
  66  7:13  Queen  
  66  7:14  Drone x2  
  70  7:27  Overlord  
  70  7:33  Overlord  
  61  8:02  Zerg Missile Weapons Level 2  
  61  8:03  Zerg Ground Armor Level 2  
  61  8:10  Drone x2  
  61  8:11  Drone  
  64  8:19  Drone  
  65  8:37  Extractor  
  65  8:38  Extractor  
  63  8:42  Roach x3  
  63  8:43  Roach  
  63  8:44  Roach x2  
  68  9:18  Roach x4  
  68  9:19  Roach x3  
  75  10:19  Roach x5  
  75  10:20  Roach x4  
  56  10:45  Ravager  
  56  10:46  Ravager  
  44  11:26  Overseer  
  44  11:35  Roach x6  
  51  12:05  Roach x2  
  55  12:17  Roach x3  
  55  12:20  Ravager x2  
  59  12:32  Ravager  
  60  12:49  Ravager x3  
  60  12:50  Ravager  
  64  12:51  Roach  
  64  12:52  Roach x4  
  64  12:54  Ravager x2  
  64  12:55  Ravager  
Show
View Real Time Build Order
Export as new Build Order

Gracz Terran 

Build Orders:  

Get SALT Encoding   

  12  0:05  SCV  
  13  0:17  SCV  
  14  0:23  Refinery  
  14  0:41  Supply Depot  
  14  1:08  Barracks  
  14  1:09  SCV  
  15  1:22  SCV  
  16  1:40  Supply Depot  
  16  2:00  Barracks Reactor  
  16  2:02  Barracks  
  16  2:36  Supply Depot  
  16  2:39  Orbital Command  
  16  2:42  Refinery  
  16  2:52  Barracks  
  16  2:56  Barracks  
  16  3:05  Barracks Reactor  
  16  3:16  Supply Depot  
  16  3:46  Factory  
  16  3:57  Reaper x2  
  16  3:58  Reaper x2  
  20  4:21  Supply Depot  
  20  4:27  Barracks Reactor x2  
  20  4:43  Marine  
  20  4:44  Marine  
  20  4:45  Reaper x2  
  17  5:42  Reaper x4  
  21  5:43  Marine x2, Reaper  
  21  5:44  Marine  
  25  6:01  Marine x3  
  28  6:04  Supply Depot  
  28  6:09  Factory Tech Lab  
  28  6:14  Marine x5  
  33  6:19  Marine x3  
  36  6:32  Marine x3  
  39  6:50  Siege Tank  
  39  6:53  Marine x3  
  45  7:22  Siege Tank  
  48  7:24  Marine x4  
  52  7:54  Siege Tank  
  55  8:22  Infernal Pre-Igniter  
  55  8:26  Hellion  
  57  8:48  Hellion  
  59  9:09  Hellion  
  58  9:30  Hellion  
  50  9:50  Marine x4  
  50  9:51  Marine x4  
  39  10:08  Marine x3  
  28  10:53  Marine  
  28  10:54  Marine x5  
  28  10:55  Marine x2  
  36  11:11  Marine  
  36  11:12  Marine x7  
  41  11:29  Marine x3  
  41  11:30  Marine x2  
  46  11:44  Marine x3  
  46  11:47  Marine x4  
  17  12:17  Marine x2  
  17  12:18  Marine x6  
  24  12:38  Supply Depot  
  24  12:39  Supply Depot  
  24  12:43  Supply Depot  
  24  13:01  Marine x3  
  27  13:13  Marine x2  
  27  13:14  Marine x3  
Show
View Real Time Build Order
Export as new Build Order

TRa Protoss - Winner!

Build Orders: Cannon Rush 

Get SALT Encoding   

  12  0:02  Probe (Chrono Boost)  
  13  0:13  Probe (Chrono Boost)  
  14  0:22  Pylon  
  14  0:23  Probe (Chrono Boost)  
  15  0:40  Probe (Chrono Boost)  
  16  0:44  Gateway  
  16  0:51  Probe (Chrono Boost)  
  17  1:00  Forge  
  17  1:02  Probe (Chrono Boost)  
  18  1:11  Pylon  
  18  1:17  Probe (Chrono Boost)  
  19  1:33  Cybernetics Core  
  19  1:45  Photon Cannon  
  19  1:48  Photon Cannon  
  19  1:52  Photon Cannon  
  19  1:55  Pylon  
  19  2:06  Assimilator  
  19  2:09  Assimilator  
  19  2:11  Probe (Chrono Boost)  
  20  2:23  Probe (Chrono Boost)  
  20  2:25  Gateway  
  20  2:26  Zealot  
  23  2:37  Probe (Chrono Boost)  
  24  3:03  Pylon  
  24  3:05  Probe (Chrono Boost)  
  25  3:12  Robotics Facility  
  25  3:18  Warp Gate (Chrono Boost)  
  25  3:21  Robotics Facility  
  25  3:36  Photon Cannon  
  25  3:45  Probe  
  26  3:49  Photon Cannon  
  26  4:04  Probe  
  27  4:16  Probe  
  28  4:18  Immortal x2  
  36  4:38  Probe  
  37  4:39  Robotics Bay  
  37  4:44  Pylon  
  35  5:23  Zealot x2  
  35  6:10  Colossus  
  47  6:14  Immortal  
  45  6:24  Pylon  
  45  6:25  Pylon  
  37  6:45  Pylon  
  37  6:49  Extended Thermal Lance (Chrono Boost)  
  37  6:58  Colossus  
  43  7:32  Colossus  
  49  7:53  Nexus  
  49  7:58  Nexus  
  49  8:15  Colossus  
  55  8:22  Observer Gravitic Boosters (Chrono Boost)  
  55  8:30  Observer  
  34  10:02  Colossus (Chrono Boost)  
  34  10:05  Colossus (Chrono Boost)  
  40  10:48  Probe x2  
  40  10:49  Probe  
  43  10:55  Colossus (Chrono Boost)  
  49  11:01  Probe  
  48  12:32  Colossus (Chrono Boost)  
  60  12:40  Colossus (Chrono Boost)  
Show
View Real Time Build Order
Export as new Build Order

Jidduu Zerg - Winner!

Build Orders: Hatch First, Lurkers 

Get SALT Encoding   

  12  0:01  Drone  
  13  0:10  Drone  
  14  0:34  Hatchery  
  13  0:37  Drone  
  14  0:53  Spawning Pool  
  14  0:57  Drone  
  14  1:04  Overlord  
  14  1:09  Extractor  
  14  1:11  Drone  
  14  1:23  Drone x2  
  16  1:30  Drone  
  17  1:40  Queen  
  19  1:47  Queen  
  19  1:52  Drone  
  22  1:55  Drone  
  22  1:58  Drone  
  24  2:02  Drone  
  25  2:09  Overlord  
  25  2:15  Metabolic Boost  
  25  2:21  Drone  
  25  2:22  Drone  
  27  2:24  Drone  
  27  2:28  Drone  
  29  2:33  Drone x2  
  31  2:40  Drone  
  32  2:44  Overlord  
  32  2:48  Drone  
  32  2:49  Pneumatized Carapace  
  33  2:57  Zergling x2  
  33  2:58  Zergling x4  
  36  3:04  Zergling x2  
  38  3:05  Drone x2  
  38  3:06  Drone  
  38  3:10  Drone  
  38  3:11  Drone  
  43  3:20  Drone  
  43  3:29  Overlord  
  43  3:30  Drone  
  43  3:32  Extractor  
  43  3:36  Extractor  
  43  3:39  Evolution Chamber  
  41  3:47  Drone  
  41  3:48  Drone x5  
  46  3:50  Drone x2  
  49  4:03  Lair  
  49  4:04  Overlord  
  49  4:08  Hatchery  
  48  4:21  Zergling x8  
  48  4:23  Overlord x3  
  52  4:37  Zergling x2  
  49  4:39  Zergling x12  
  55  5:11  Zergling x10  
  60  5:16  Zerg Missile Weapons Level 1  
  60  5:17  Roach Warren  
  58  5:44  Drone x4  
  58  5:46  Overlord x2  
  62  5:50  Evolution Chamber  
  62  5:56  Extractor  
  60  6:07  Glial Reconstitution  
  60  6:13  Hydralisk Den  
  58  6:57  Zerg Ground Armor Level 1  
  58  6:58  Roach  
  58  6:59  Roach x17  
  94  7:02  Overseer  
  94  7:10  Drone  
  94  7:11  Drone  
  94  7:13  Queen  
  95  7:42  Lurker Den  
  94  7:44  Hydralisk x5  
  94  7:47  Overlord  
  94  7:48  Overlord x7  
  94  7:50  Zerg Missile Weapons Level 2  
  104  7:55  Ravager  
  104  7:56  Overlord  
  104  7:57  Overlord x3  
  105  8:01  Overlord x2  
  105  8:17  Ravager  
  105  8:18  Ravager x4  
  108  9:11  Extractor  
  108  9:14  Extractor  
  106  9:18  Ravager  
  106  9:19  Ravager x3  
  106  9:23  Lurker x4  
  114  9:25  Hydralisk  
  116  9:38  Drone  
  117  9:44  Zerg Ground Armor Level 2  
  95  10:42  Roach  
  97  10:43  Roach x29  
  97  10:44  Roach x9  
  152  11:11  Lurker  
  153  11:20  Ravager x3  
  153  11:21  Ravager  
  157  11:27  Hydralisk x6  
  112  12:25  Lurker x4  
  112  12:26  Lurker  
  117  12:33  Ravager  
  117  12:36  Roach x9  
  136  12:55  Roach x2  
  136  12:56  Roach  
Show
View Real Time Build Order
Export as new Build Order

Spartan Terran - Winner!

Build Orders:  

Get SALT Encoding   

  12  0:01  SCV  
  13  0:13  SCV  
  14  0:20  Supply Depot  
  14  0:31  SCV  
  14  0:35  Refinery  
  15  0:44  Barracks  
  15  0:49  SCV  
  16  1:08  SCV  
  17  1:20  SCV  
  17  1:23  Barracks  
  19  1:34  SCV  
  20  1:41  Marine  
  20  1:50  Refinery  
  20  1:53  SCV  
  21  1:54  Factory  
  21  2:01  Supply Depot  
  22  2:02  Reaper  
  22  2:05  SCV  
  23  2:11  Barracks Tech Lab  
  23  2:22  SCV  
  24  2:32  Marauder  
  24  2:33  Concussive Shells  
  26  2:37  Factory Tech Lab  
  26  2:42  Marine  
  27  2:45  SCV  
  28  2:53  Marauder  
  30  3:05  Orbital Command  
  30  3:15  Supply Depot  
  30  3:24  Marine  
  31  3:34  Engineering Bay  
  31  3:36  SCV, Siege Tank  
  37  4:17  Siege Tank  
  37  4:18  Marine, Marauder  
  40  4:25  Factory  
  40  4:29  Command Center  
  40  4:42  Barracks Reactor, Marauder  
  40  4:44  SCV  
  43  4:49  Hellion  
  34  5:42  Marine x2, Marauder  
  34  5:43  Factory Reactor  
  34  5:46  Siege Tank  
  39  5:58  Barracks, Infernal Pre-Igniter  
  39  6:00  Engineering Bay  
  39  6:01  Marine x2  
  43  6:04  Marauder  
  40  6:39  Hellion x2  
  44  6:40  Starport, Siege Tank  
  44  6:44  SCV  
  44  6:46  Marine x2  
  50  6:55  SCV  
  50  6:56  SCV  
  52  7:02  Missile Turret  
  52  7:07  SCV  
  53  7:09  Barracks Reactor  
  53  7:19  SCV  
  53  7:21  Widow Mine  
  53  7:22  Barracks Reactor  
  56  7:24  Hellion x2  
  60  7:43  Medivac x2  
  64  7:52  Orbital Command  
  64  8:01  Hellion x2  
  68  8:08  Siege Tank  
  68  8:11  Supply Depot  
  71  8:18  Refinery  
  71  8:21  Medivac x2  
  71  8:22  Marine  
  71  8:23  Marine  
  77  8:35  Missile Turret  
  77  8:42  Missile Turret  
  63  9:55  SCV  
  63  9:56  Marine x2  
  63  9:57  Marine x2  
  63  9:58  Marauder  
  63  9:59  Medivac x2  
  71  10:00  Hellion x2  
  71  10:01  Siege Tank  
  76  10:08  Factory  
  76  10:14  Marine  
  76  10:15  Marine  
  76  10:20  Marauder  
  80  10:33  Siege Tank  
  83  10:39  Liberator x2  
  85  10:58  Factory Tech Lab  
  85  11:00  Marine  
  86  11:15  Marine x2, Siege Tank, SCV  
  86  11:16  Hellion  
  86  11:17  Supply Depot  
  94  11:22  Liberator  
  94  11:38  Marine, SCV x2  
  94  11:39  Hellion  
  102  11:41  Supply Depot  
  102  11:58  Siege Tank  
  102  11:59  Hellion  
  102  12:00  Hellion  
  109  12:15  Liberator x2  
  109  12:17  Refinery  
  109  12:33  Hellion  
Tags
 
Add a new tag
Caveats
  • Supply blocks, unpowered buildings, or Contaminate may cause inaccurate times.
  • Supply counts are checked every 10 seconds.